Map: Dusk Towers

Players

shipta

  • Race: Zerg Zerg
  • League: Silver

capac - Winner!

  • Race: Terran Terran
  • League: Gold

VOD

Have the link to the VOD?

Description

Time

  • Played on: April 16, 2016, 5:02 p.m.
  • Length: 19:35
Show
View Real Time Build Order
Export as new Build Order

shipta Zerg 

Build Orders: Hatch First 

Get SALT Encoding   

  12  0:01  Drone  
  13  0:12  Overlord  
  13  0:17  Drone  
  14  0:30  Drone x2  
  14  0:35  Drone  
  17  0:55  Hatchery  
  16  0:58  Drone  
  16  1:01  Drone  
  18  1:04  Extractor  
  18  1:07  Drone  
  18  1:21  Spawning Pool  
  18  1:24  Drone  
  18  1:28  Drone  
  19  1:38  Overlord  
  19  1:50  Drone  
  20  2:02  Drone  
  20  2:08  Queen x2  
  23  2:09  Zergling x2  
  23  2:12  Metabolic Boost  
  26  2:16  Zergling x2  
  26  2:19  Drone  
  28  2:25  Drone  
  29  2:31  Drone  
  30  2:43  Drone x2  
  32  2:49  Drone  
  32  2:50  Overlord  
  32  2:56  Drone  
  33  3:09  Drone x2  
  33  3:12  Drone  
  36  3:16  Drone  
  37  3:22  Drone x5  
  37  3:23  Drone  
  42  3:33  Overlord x2, Roach Warren  
  41  3:39  Extractor  
  41  3:40  Extractor  
  39  3:45  Baneling Nest  
  38  3:49  Zergling x2  
  38  3:50  Zergling x2  
  38  3:51  Zergling x4  
  42  4:00  Lair  
  43  4:10  Drone x2  
  43  4:14  Roach x2  
  48  4:25  Drone  
  48  4:26  Drone x3  
  52  4:33  Drone x2  
  52  4:34  Drone x3  
  57  4:42  Evolution Chamber  
  57  4:44  Evolution Chamber  
  54  5:02  Glial Reconstitution  
  54  5:04  Overlord x2, Roach x2  
  54  5:06  Hatchery  
  57  5:08  Zerg Missile Weapons Level 1  
  57  5:09  Zerg Ground Armor Level 1  
  57  5:11  Roach  
  59  5:21  Overlord x3  
  59  5:26  Roach  
  59  5:27  Roach x5  
  71  5:32  Overlord, Roach  
  73  5:44  Roach  
  73  5:45  Roach x2  
  79  5:57  Roach  
  79  5:58  Roach x5  
  91  6:09  Roach x4  
  88  6:26  Roach  
  88  6:27  Roach x4  
  95  6:34  Drone  
  95  6:35  Drone x6  
  102  6:45  Queen  
  102  6:46  Roach  
  102  7:03  Drone  
  102  7:04  Drone x6  
  106  7:21  Burrow  
  106  7:22  Extractor  
  105  7:24  Extractor  
  104  7:33  Overlord x2, Drone  
  104  7:34  Hydralisk Den  
  104  7:38  Queen  
  104  7:43  Overlord x3  
  106  7:50  Overlord x3  
  106  7:53  Roach x4  
  113  8:02  Drone  
  113  8:03  Drone x4  
  118  8:06  Zerg Missile Weapons Level 2, Muscular Augments  
  118  8:24  Drone  
  118  8:25  Drone x7  
  126  8:31  Zerg Ground Armor Level 2  
  126  8:32  Queen  
  128  8:54  Hatchery  
  127  8:59  Hydralisk  
  127  9:00  Hydralisk x5  
  139  9:15  Overlord x2  
  139  9:26  Hydralisk  
  139  9:27  Hydralisk x4  
  145  9:50  Drone  
  145  9:51  Drone x15  
  159  10:10  Queen  
  161  10:15  Overlord x4  
  161  10:24  Overlord x2  
  161  10:31  Extractor x2  
  159  10:37  Hydralisk x7  
  159  10:38  Hydralisk x5  
  183  10:50  Roach x2  
  183  10:51  Roach  
  183  10:52  Ravager x4  
  183  10:53  Ravager x2  
  195  11:08  Overlord x2  
  195  11:16  Drone x2  
  195  11:17  Drone  
  194  11:37  Overlord x2  
  194  11:55  Infestation Pit  
  171  12:04  Hatchery  
  171  12:07  Roach x3  
  171  12:08  Roach x11  
  120  12:09  Roach x9  
  120  12:15  Roach x3  
  130  12:16  Roach x3  
  130  12:18  Roach x4  
  144  12:24  Hydralisk x6  
  156  12:37  Hive  
  156  12:40  Hydralisk x2  
  156  12:41  Hydralisk x2  
  164  12:55  Hydralisk  
  164  12:56  Hydralisk x2  
  114  13:06  Hydralisk x5  
  114  13:08  Queen  
  114  13:11  Hydralisk x3  
  105  13:27  Hydralisk x6  
  111  13:43  Hydralisk x4  
  119  13:52  Drone x9  
  128  14:06  Ultralisk Cavern  
  127  14:15  Drone  
  127  14:16  Drone x7  
  135  14:17  Hydralisk x3  
  141  14:37  Zergling x4  
  141  14:38  Zergling x2  
  144  14:39  Roach x2  
  144  14:40  Roach x3  
  144  14:41  Roach x5  
  144  14:44  Queen  
  166  14:49  Extractor  
  166  14:52  Extractor  
  164  14:53  Chitinous Plating  
  164  14:58  Ultralisk x2  
  176  15:17  Ultralisk  
  176  15:19  Roach x5  
  176  15:20  Roach x4  
  197  15:52  Hatchery  
  196  16:45  Roach x3, Hydralisk  
  196  16:46  Ultralisk  
  180  16:47  Ultralisk x5  
  180  16:48  Ultralisk x2  
  180  16:50  Roach  
  180  16:51  Roach x8  
  164  17:05  Zergling x18  
  164  17:06  Zergling x42  
  164  17:08  Centrifical Hooks  
  173  17:41  Roach  
  173  17:42  Zergling x8  
  173  17:44  Zergling x16  
  147  17:45  Zergling x8  
  147  17:47  Hydralisk  
  147  17:48  Hydralisk x9  
  144  17:52  Hydralisk  
  146  18:00  Extractor x2  
  104  18:25  Hydralisk x8  
  120  18:30  Baneling x4  
  120  18:31  Baneling  
  120  18:43  Ultralisk  
  120  18:44  Zergling x2  
  120  18:45  Zergling x28  
  120  18:46  Zergling x4  
  120  18:48  Hydralisk x2  
  159  19:05  Baneling x6  
  159  19:06  Baneling x7  
  142  19:17  Zergling x2  
Show
View Real Time Build Order
Export as new Build Order

capac Terran - Winner!

Build Orders: Reaper Expand, MMM Bio 

Get SALT Encoding   

  12  0:00  SCV  
  13  0:13  SCV  
  14  0:18  Supply Depot  
  14  0:25  SCV  
  15  0:39  SCV  
  15  0:40  Barracks  
  16  0:43  Refinery  
  16  0:51  SCV  
  17  1:03  SCV  
  18  1:16  SCV  
  19  1:28  Reaper  
  19  1:29  Orbital Command  
  20  1:41  Command Center  
  20  1:50  Supply Depot  
  20  1:55  SCV  
  21  2:04  Barracks Reactor  
  21  2:06  Barracks  
  22  2:08  SCV  
  22  2:22  SCV  
  23  2:34  SCV  
  24  2:54  Marine x2  
  24  2:56  Barracks Tech Lab  
  24  2:58  Factory  
  26  3:00  Barracks, SCV  
  26  3:02  Orbital Command  
  27  3:06  Refinery  
  27  3:07  Engineering Bay  
  27  3:16  Marine x3  
  27  3:18  Stimpack  
  30  3:20  SCV  
  31  3:32  SCV x2  
  33  3:45  Starport, Factory Tech Lab  
  33  3:47  Marine x3  
  36  3:53  Supply Depot  
  36  3:54  Barracks Reactor  
  36  3:56  SCV x2  
  38  4:08  Marine x3  
  38  4:09  Refinery  
  41  4:10  SCV  
  41  4:11  SCV  
  41  4:15  Supply Depot  
  43  4:23  Starport Reactor  
  43  4:26  Marine x3  
  43  4:29  Siege Tank  
  49  4:33  SCV x2  
  49  4:34  Marine x2  
  53  4:40  Supply Depot  
  54  4:45  SCV x2  
  55  4:54  Marine x4  
  59  5:02  Medivac x2  
  59  5:05  Supply Depot  
  63  5:15  SCV x2  
  63  5:20  Command Center  
  65  5:22  Combat Shields  
  65  5:27  SCV  
  65  5:28  Refinery  
  66  5:29  SCV  
  67  5:40  Marine  
  67  5:41  Marine x2  
  70  5:43  SCV x2  
  70  5:45  Supply Depot  
  70  5:47  Terran Infantry Weapons Level 1  
  70  5:49  Marine x2  
  74  5:53  Medivac x2  
  78  6:06  Marine  
  78  6:07  SCV x2  
  78  6:08  Marine x2  
  78  6:09  Marine x2  
  85  6:23  Liberator  
  85  6:24  Liberator  
  77  6:36  Marine x3  
  77  6:37  Marine x2  
  86  6:53  Siege Tank  
  88  6:54  Marine x4  
  88  6:55  Marine  
  87  7:12  Marine x2  
  89  7:21  Liberator x2  
  90  7:23  Orbital Command  
  90  7:28  SCV x2  
  91  7:32  Marine x4  
  95  7:39  Barracks  
  95  7:40  Barracks  
  95  7:41  Barracks  
  101  7:44  Terran Infantry Armor Level 1  
  101  7:46  Supply Depot  
  101  7:51  Engineering Bay, Armory  
  101  7:52  Refinery  
  101  8:07  Marine x4  
  101  8:11  Liberator x2  
  105  8:13  Supply Depot  
  105  8:20  SCV x2  
  105  8:21  Supply Depot  
  107  8:31  Barracks Tech Lab  
  107  8:32  SCV, Barracks Reactor x2  
  107  8:33  SCV  
  115  8:38  Marine  
  115  8:39  Supply Depot, Marine x2  
  115  8:41  Command Center  
  118  8:59  Liberator  
  118  9:01  Marine x3  
  118  9:02  Marine  
  124  9:03  Marauder x2  
  124  9:05  SCV x3  
  124  9:07  Terran Infantry Weapons Level 2  
  124  9:08  Terran Ship Weapons Level 1  
  129  9:10  Supply Depot  
  129  9:11  Supply Depot x2  
  129  9:12  Marine x3  
  129  9:13  Marine  
  136  9:21  SCV x2  
  138  9:44  Liberator  
  130  9:49  Terran Infantry Armor Level 2, SCV x2  
  130  9:50  Marine  
  130  9:51  Marine x6  
  130  9:52  Marauder x2  
  141  9:56  Siege Tank  
  141  9:57  Liberator  
  137  10:14  Marauder  
  139  10:19  Marine x2  
  139  10:20  Marine x3  
  147  10:21  Marine  
  147  10:28  Siege Tank  
  151  10:32  Refinery  
  151  10:36  Supply Depot  
  151  10:38  Supply Depot  
  151  10:39  Marine x5  
  151  10:40  Marine x3  
  159  10:46  Planetary Fortress  
  159  10:55  Marauder x2  
  163  10:57  Medivac  
  163  10:58  Medivac  
  167  11:19  Starport  
  167  11:22  Barracks  
  167  11:24  Terran Infantry Weapons Level 3  
  167  11:26  Terran Ship Weapons Level 2  
  167  11:27  Supply Depot  
  167  11:33  Liberator x2  
  167  11:52  Siege Tank  
  176  11:54  Marine x3  
  176  11:55  Marine x4  
  176  11:56  Marauder x2  
  184  12:01  Supply Depot  
  147  12:17  Marauder, Marine x2  
  147  12:18  Marine x5  
  147  12:19  Marauder  
  147  12:21  SCV x3  
  161  12:26  Command Center  
  161  12:28  Siege Tank  
  164  12:32  Starport Reactor  
  164  12:36  Starport, Barracks Reactor  
  153  12:56  Liberator  
  127  13:09  Marine x5  
  127  13:10  Marine x3  
  127  13:11  Marine x2  
  133  13:27  Marine x2  
  133  13:29  Marauder  
  133  13:33  Marine x6  
  139  13:34  Marauder  
  139  13:35  Medivac x2  
  143  13:51  Marine x2  
  143  13:52  Marine x2  
  147  13:56  Medivac  
  147  13:57  Marine x3  
  147  14:01  Refinery  
  152  14:03  Terran Infantry Armor Level 3, Refinery  
  152  14:28  Planetary Fortress  
  152  14:40  Starport Reactor  
  152  14:46  Terran Ship Weapons Level 3  
  152  14:53  Command Center  
  152  14:56  Marine x2  
  152  14:57  Marine x5  
  152  14:58  Marauder x2  
  163  15:06  Marine x3  
  166  15:14  Marine  
  166  15:19  Marauder x2  
  166  15:20  Marine x4  
  166  15:21  Marine  
  175  15:22  Marine  
  177  15:32  Supply Depot  
  177  15:41  Marine x4  
  177  15:42  Marine x4  
  185  16:00  Building Armor  
  185  16:18  Marine x3  
  185  16:19  Marine x4  
  185  16:20  Marauder x2  
  190  16:41  Marauder  
  152  17:07  Marine x3  
  152  17:08  Marine x3  
  157  17:09  Marauder x2, Marine x4  
  166  17:30  Marauder x2  
  166  17:40  Liberator x6  
  123  17:51  Marauder x2  
  123  17:52  Marine x4  
  123  17:53  Marine x6  
  155  18:10  Marine  
  157  18:13  Marauder x2  
  157  18:17  Marine x2  
  157  18:18  Marine x6  
  157  18:19  Marine  
  168  18:27  Planetary Fortress  
  170  18:34  Marauder x2  
  172  18:52  Command Center  
  174  18:55  Marauder  
  174  18:56  Marauder  
Tags
 
Add a new tag
Caveats
  • Supply blocks, unpowered buildings, or Contaminate may cause inaccurate times.
  • Supply counts are checked every 10 seconds.